 Dungeon Crawl Stone Soup version 0.31-a0-133-gaae73658be (console) character file.

Game seed: 10284149651137570439

1065 Ignak the Ogre Mage (level 8, -2/67 (78) HPs)
             Began as an Ogre Hedge Wizard on June 2, 2023.
             Slain by a wight
             ... wielding a +0 battleaxe
              (6 damage)
             ... on level 6 of the Dungeon.
             The game lasted 00:21:03 (7640 turns).

Ignak the Ogre Mage (Ogre Hedge Wizard)             Turns: 7640, Time: 00:21:04

HP:   -2/67 (78)    AC:  4    Str: 15    XL:     8   Next: 27%
MP:   12/15         EV: 10    Int: 23    God:
Gold: 207           SH:  0    Dex:  8    Spells: 9/17 levels left

rFire   + . .        D - +3 spear (venom)
rCold   . . .        (no shield)
rNeg    . . .        b - +0 robe
rPois   +            c - +0 hat
rElec   .            h - +0 cloak
rCorr   .            (gloves unavailable)
SInv    +            (boots unavailable)
Will    .....        (no amulet)
Stlth   +            a - ring of Xoexe {Fly rPois Int+6 SInv}
HPRegen 0.31/turn    g - ring of protection from fire
MPRegen 0.14/turn

%: no passive effects
@: on blink cooldown, flying, heavily drained
A: large, unfitting armour, tough skin 1
a: no special abilities


You were on level 6 of the Dungeon.
You visited 1 branch of the dungeon, and saw 7 of its levels.

You collected 270 gold pieces.
You spent 63 gold pieces at shops.

Inventory:

Hand Weapons
 D - a +3 spear of venom (weapon)
Missiles
 m - 5 poisoned darts (quivered)
Armour
 b - a +0 robe (worn)
 c - a +0 hat (worn)
 h - a +0 cloak (worn)
 z - an orb of energy
Jewellery
 a - the ring of Xoexe (left hand) {Fly rPois Int+6 SInv}
   (You found it on level 4 of the Dungeon)

   [ring of intelligence]

   Int:       It affects your intelligence (+6).
   rPois:     It protects you from poison.
   SInv:      It lets you see invisible.
   Fly:       It grants you flight.
 g - a ring of protection from fire (right hand)
 q - an amulet of faith
 s - a ring of ice
 C - a ring of ice
Wands
 x - a wand of iceblast (4)
 y - a wand of polymorph (8)
Scrolls
 i - a scroll of amnesia
 j - 2 scrolls of fog
 n - a scroll of teleportation
 o - 3 scrolls of vulnerability
 p - a scroll of magic mapping
 v - 2 scrolls of noise
 A - 2 scrolls of blinking {unknown}
Potions
 d - a potion of magic
 e - 3 potions of curing
 f - a potion of ambrosia {unknown}
 k - 2 potions of degeneration {unknown}
 l - a potion of brilliance {unknown}
 t - a potion of haste {unknown}
 u - 4 potions of heal wounds


   Skills:
 + Level 4.2 Fighting
 * Level 4.2 Polearms
 + Level 3.4 Dodging
 - Level 1.4 Stealth
 - Level 1.0 Unarmed Combat
 + Level 5.1 Spellcasting
 + Level 2.7 Conjurations
 - Level 0.8 Summonings
 - Level 3.0 Translocations
 - Level 2.0 Air Magic
 - Level 2.0 Poison Magic


You had 9 spell levels left.
You knew the following spells:

 Your Spells              Type           Power      Damage    Failure   Level
a - Magic Dart            Conj           72%        1d6       3%          1
b - Blink                 Tloc           38%        N/A       4%          2
d - Mephitic Cloud        Conj/Pois/Air  16%        N/A       11%         3
e - Call Imp              Summ           18%        N/A       10%         2

Your spell library contained the following spells:

 Spells                   Type           Power      Damage    Failure   Level
 Cigotuvi's Dreadful Rot  Necr/Pois/Air  24%        N/A       9%          2
 Slow                     Hex            20%        N/A       10%         1


Dungeon Overview and Level Annotations

Branches:
Dungeon (7/15)
 Temple: D:4-7

Altars:
Fedhas
Gozag
Hepliaklqana
Kikubaaqudgha
Makhleb
Trog
Wu Jian

Shops:
D:1 ([*!=   D:6 *

Annotations:
D:3 1 exclusion


Innate Abilities, Weirdness & Mutations

You are too large for most types of armour.
You have tough skin. (AC +1)


Message History

The phantom attacks as you move away! The phantom barely misses you.
The phantom attacks as you move away! The phantom hits you!
You hit the phantom.
The phantom is moderately damaged.
Casting: Blink (safe; 4% risk of failure)
Confirm with . or Enter, or press ? or * to list all spells.
A tiny devil pulls itself out of the air.
The phantom hits you.
You hit the phantom.
The phantom is moderately damaged.
The phantom hits you.
You hit the phantom.
The phantom is moderately damaged.
Your cerulean imp hits the phantom but does no damage.
The phantom hits you.
You swap places.
Your cerulean imp hits the phantom but does no damage.
The phantom closely misses your cerulean imp.
You are too injured to fight recklessly!
You are too injured to fight recklessly!
You are too injured to fight recklessly!
Reach: D) +3 spear (venom)
Press: ? - help, Dir - move target, f - phantom
Aim: a phantom (moderately damaged, ally target, about 44% to evade your +3 spear of venom)
You reach to attack!
You hit the phantom.
The phantom is heavily damaged.
Your cerulean imp misses the phantom.
The phantom hits your cerulean imp.
The phantom blinks!
Your cerulean imp blinks!
Unknown command.
The wight hits you with a +0 battleaxe!
* * * LOW HITPOINT WARNING * * *
Casting: Call Imp (safe; 10% risk of failure)
Confirm with . or Enter, or press ? or * to list all spells.
You blink.
Your cerulean imp hits the phantom but does no damage.
The wight hits you with a +0 battleaxe!
* * * LOW HITPOINT WARNING * * *
You feel drained.
You die...

#..................##
#(.................#
#########..................#
...........[.....K.........#
..........................##
########....##..W#####...##
.# #...####5O# ##.## .#
##..# #..######.### ..# #..#
#.@z§........ #.# #.##
#..#######.### #. #.# ### ##
#.# ###


You could see an ogre, a phantom (distracted, ally target), a wight, a kobold
and a friendly cerulean imp (summoned).

Vanquished Creatures
  Menkaure (D:6)
  A black bear (D:6)
  A phantom (D:3)
  A kobold brigand (D:5)
  A bullfrog (D:7)
  A scorpion (D:4)
  A wight (D:5)
  3 jellies (D:5)
  An orc priest (D:3)
  A hound (D:6)
  An iguana (D:5)
  Natasha (thrice) (D:2)
  An orc wizard (D:4)
  5 adders
  A gnoll (D:1)
  An ufetubus (D:5)
  2 worms
  3 dart slugs (D:3)
  7 orcs
  8 endoplasms
  3 giant cockroaches
  9 goblins
  7 hobgoblins
  A jackal (D:1)
  A quokka (D:1)
  8 ball pythons
  5 bats
  3 frilled lizards
  14 kobolds
  11 rats
106 creatures vanquished.

Vanquished Creatures (collateral kills)
  A wight (D:5)
  A jelly (D:5)
  2 orcs (D:3)
  An endoplasm (D:1)
  2 giant cockroaches
  3 goblins
  3 hobgoblins
  2 jackals (D:1)
  A kobold (D:1)
  A quokka (D:3)
  A bat (D:3)
  2 rats
20 creatures vanquished.

Grand Total: 126 creatures vanquished

Notes
Turn   | Place    | Note
-------+----------+-------------------------------------------
     0 | D:1      | Ignak the Ogre Hedge Wizard began the quest for the Orb.
     0 | D:1      | Reached XP level 1. HP: 16/16 MP: 5/5
    32 | D:1      | Reached skill level 1 in Conjurations
    32 | D:1      | Reached skill level 1 in Translocations
    98 | D:1      | Found Olaez's Weapon Shop.
   122 | D:1      | Reached XP level 2. HP: 21/26 MP: 2/6
   126 | D:1      | Learned a level 2 spell: Blink
   129 | D:1      | Learned a level 2 spell: Call Imp
   186 | D:1      | Found a faded altar of an unknown god.
   305 | D:1      | Reached skill level 1 in Fighting
   372 | D:1      | Reached skill level 1 in Polearms
   418 | D:1      | Reached XP level 3. HP: 33/33 MP: 4/8
   631 | D:1      | Found Ceosux's Jewellery Shoppe.
   660 | D:1      | Found Veucw's Distillery.
   729 | D:1      | Found Neaq's Armour Emporium.
   741 | D:1      | Bought a +0 cloak for 63 gold pieces
   764 | D:1      | Found Qejaub's Assorted Antiques.
  1167 | D:2      | Learned a level 3 spell: Mephitic Cloud
  1412 | D:2      | Noticed Natasha
  1421 | D:2      | Killed Natasha
  1422 | D:2      | Reached XP level 4. HP: 41/41 MP: 6/9
  1655 | D:2      | Found an ancient bone altar of Kikubaaqudgha.
  2180 | D:3      | Reached skill level 4 in Spellcasting
  2241 | D:3      | Noticed a moth of wrath
  2254 | D:3      | Found a bloodstained altar of Trog.
  2721 | D:3      | Reached XP level 5. HP: 47/49 MP: 9/11
  2751 | D:3      | Reached skill level 1 in Unarmed Combat
  3515 | D:4      | Identified the ring of Xoexe {Fly rPois Int+6 SInv}
  3639 | D:4      | Found a blossoming altar of Fedhas.
  3780 | D:4      | Noticed a phantom
  4113 | D:2      | Noticed Natasha
  4120 | D:2      | Killed Natasha
  4121 | D:2      | Reached skill level 1 in Poison Magic
  4121 | D:2      | Reached XP level 6. HP: 41/58 MP: 6/12
  4250 | D:2      | Noticed Natasha
  4261 | D:2      | Killed Natasha
  4523 | D:3      | Reached skill level 1 in Air Magic
  4969 | D:5      | Entered Level 5 of the Dungeon
  5017 | D:5      | Reached XP level 7. HP: 65/66 MP: 10/13
  5206 | D:5      | Found an ornate altar of the Wu Jian Council.
  5206 | D:5      | Found a hazy altar of Hepliaklqana.
  5206 | D:5      | Found an opulent altar of Gozag.
  5208 | D:5      | Found a burning altar of Makhleb.
  6198 | D:6      | Found Ysex's Fire Supplies.
  6217 | D:6      | Noticed Menkaure
  6327 | D:6      | Killed Menkaure
  6363 | D:5      | Reached XP level 8. HP: 37/78 MP: 11/15
  6865 | D:5      | Reached skill level 5 in Spellcasting
  7350 | D:6      | Noticed a yak
  7640 | D:6      | Slain by a wight

Illustrated notes

Levels and vault maps discovered:
D:1:      dpeg_arrival_arbitrary_b, layout_rooms, serial_shops,
          nicolae_lakefront_shop, shop, nicolae_shop_tiny_glass,
          nicolae_shop_bloodbath_and_beyond, shop, basic_ecumenical_altar,
          minmay_misc_feat_pillars
D:2:      layout_basic, basic_altar, kennysheep_minor_cross, uniq_natasha
D:3:      layout_basic, tgw_trog, minmay_pentangle
D:4:      cheibrodos_barr_body, layout_cave_pools, fedhas_altar_3,
          minmay_temple_entry_from_below_b, nicolae_elevator_lobby_plus
D:5:      layout_loops_cross, minitemple, minmay_misc_feat_cross
D:6:      layout_layer_cave, st_stairs_6, nicolae_shop_fire_sale
          [nicolae_sub_dead_trees], minivault_19, minmay_circle_x, uniq_menkaure
D:7:      layout_loops_ring, lemuel_tele_altar, serial_undead, serial_undead_c,
          serial_undead_e, serial_undead_f, serial_undead_a, serial_undead_a,
          serial_undead_a, serial_undead_c, uniq_maggie

Skill      XL: |  1  2  3  4  5  6  7  8 |
---------------+-------------------------+-----
Conjurations   | 1 2 |  2.7
Translocations | 1 2 3 |  3.0
Fighting       | 1 2 3 4 |  4.2
Polearms       | 1 2 3 4 |  4.2
Dodging        | 2 3 |  3.4
Spellcasting   | 4 5 |  5.1
Unarmed Combat | 1 |  1.0
Poison Magic   | 1 2 |  2.0
Air Magic      | 1 2 |  2.0
Stealth        | |  1.4
Summonings     | |  0.8

Action                     |  1- 3 |  4- 6 |  7- 9 || total
---------------------------+-------+-------+-------++-------
  Melee: Unarmed           |    12 |       |       ||    12
         Spear             |    72 |   118 |    45 ||   235
         Dagger            |     1 |       |       ||     1
         Punch             |     1 |     2 |     2 ||     5
         Trident           |       |   113 |    91 ||   204
  Throw: Dart              |       |       |     1 ||     1
   Cast: Magic Dart        |    16 |       |     2 ||    18
         Call Imp          |    10 |    22 |    14 ||    46
         Mephitic Cloud    |     1 |     9 |     8 ||    18
         Blink             |       |     5 |    12 ||    17
  Evoke: Wand              |       |       |     2 ||     2
    Use: Scroll            |       |     7 |     6 ||    13
         Potion            |       |     5 |       ||     5
   Stab: Sleeping          |     3 |     1 |     1 ||     5
         Distracted        |     1 |     1 |       ||     2
         Confused          |       |     1 |     2 ||     3
 Armour: Robe              |    32 |    71 |    30 ||   133
  Dodge: Dodged            |    48 |   103 |    98 ||   249

Table legend: (Time is in decaauts)
 A = Elapsed time spent in this place.
 B = Non-inter-level travel time spent in this place.
 C = Inter-level travel time spent in this place.
 D = Time resting spent in this place.
 E = Time spent auto-exploring this place.
 F = Levels seen in this place.
 G = Mean time per level.
                   A        B        C        D        E       F      G
               +--------+--------+--------+--------+--------+-----+--------+
         Total |   7684 |   7333 |    351 |   1690 |   2936 |   7 | 1097.7 |
       Dungeon |   7684 |   7333 |    351 |   1690 |   2936 |   7 | 1097.7 |
               +--------+--------+--------+--------+--------+-----+--------+

Top non-repeatable levels by time:
     D:5: 1838 daAuts
     D:2: 1640 daAuts
     D:3: 1364 daAuts
     D:4: 1127 daAuts
     D:1: 867 daAuts
     D:6: 802 daAuts
     D:7: 43 daAuts
